 Dungeon Crawl Stone Soup version 0.27-a0-836-gfc908b8576 (webtiles) character file.

Game seed: 12179655236422393134

179 polve the Changer (level 5, -2/44 HPs)
             Began as a Naga Transmuter on Apr 1, 2021.
             Splashed by a jelly's acid (11 damage)
             ... on level 3 of the Dungeon.
             The game lasted 00:07:51 (4703 turns).

polve the Changer (Naga Transmuter)                 Turns: 4703, Time: 00:07:52

Health: -2/44      AC: -4    Str: 12    XL:     5   Next: 59%
Magic:  7/8        EV: 10    Int: 14    God:
Gold:   200        SH:  0    Dex: 12    Spells: 0/8 levels left

rFire    . . .     SeeInvis +     - Unarmed
rCold    . . .     Faith    .   (no shield)
rNeg     . . .     Spirit   .   a - +0 robe
rPois    +         Reflect  .   (helmet currently unavailable)
rElec    .         Harm     .   h - +0 cloak
rCorr    .         Rampage  .   (no gloves)
Will     +....                  (no barding)
Stlth    +.........             (no amulet)
HPRegen  0.14/turn              d - ring of willpower
MPRegen  0.11/turn              (no ring)

@: short of breath, appendages (expiring), corroded, very slow
A: horns 2, AC +1, large, see invisible, deformed body, poison resistance,
slowness 2, spit poison 1, naga tail 1
a: Spit Poison, End Transformation


You were on level 3 of the Dungeon.
You had temporarily grown beastly horns.
You visited 1 branch of the dungeon, and saw 3 of its levels.

You collected 200 gold pieces.

Inventory:

Armour
 a - a +0 robe (worn)
 g - a +0 helmet (melded)
 h - a +0 cloak (worn)
Jewellery
 d - a ring of willpower (left hand)
Scrolls
 b - a scroll of vulnerability {unknown}
 c - a scroll of magic mapping {unknown}
 e - 2 scrolls of identify {unknown}
 f - a scroll of enchant weapon {unknown}
 k - a scroll of immolation {unknown}
Potions
 i - a potion of cancellation
 j - a potion of curing


   Skills:
 - Level 1.0 Fighting
 - Level 1.5 Dodging
 - Level 3.0 Unarmed Combat
 - Level 2.0 Spellcasting
 + Level 5.2 Transmutations
 * Level 2.4 Poison Magic


You couldn't memorise any spells.
You knew the following spells:

 Your Spells              Type           Power      Damage    Failure   Level
a - Beastly Appendage     Tmut           32%        N/A       2%          1
b - Blink                 Tloc           N/A        N/A       34%         2
s - Spider Form           Tmut/Pois      6%         N/A       14%         3
w - Wereblood             Tmut           16%        N/A       4%          2

Your spell library contained the following spells:

 Spells                   Type           Power      Damage    Failure   Level
 Animate Skeleton         Necr           2%         N/A       24%         1
 Apportation              Tloc           2%         N/A       24%         1
 Corona                   Hex            1%         N/A       24%         1
 Magic Dart               Conj           4%         1d3       24%         1
 Summon Small Mammal      Summ           4%         N/A       24%         1
 Call Imp                 Summ           1%         N/A       34%         2
 Slow                     Hex            1%         N/A       34%         2
 Mephitic Cloud           Conj/Pois/Air  3%         N/A       45%         3
 Conjure Flame            Conj/Fire      1%         6-21      56%         3
 Hydra Form               Tmut           8%         N/A       61%         5
 Ice Form                 Ice/Tmut       8%         N/A       63%         4


Dungeon Overview and Level Annotations

Branches:
Dungeon (3/15)

Altars:

Shops:
D:3 [


Innate Abilities, Weirdness & Mutations

You have temporarily grown beastly horns.
Your serpentine skin is tough. (AC +1)
You have supernaturally acute eyesight. (SInv)
Armour fits poorly on your strangely shaped body.
Your system is resistant to poisons. (rPois)
You cover ground very slowly.
You can spit poison.
You have a snake-like lower body.


Message History

Your +0 helmet unmelds from your body.
A jelly comes into view.
A ball python comes into view.
The jelly quivers.
The splash of poison hits the jelly.
The jelly is lightly wounded.
The ball python hisses angrily.
Casting: Beastly Appendage (safe; 2% risk of failure)
Confirm with . or Enter, or press ? or * to list all spells.
You grow a pair of large bovine horns.
Your +0 helmet melds into your body.
You swing at nothing.
You hit the jelly but do no damage.
Your hands burn!
You headbutt the jelly.
The jelly is heavily wounded.
The jelly hits you but does no damage.
You hit the jelly but do no damage.
Your hands burn!
The jelly is heavily wounded.
You have got your breath back.
The jelly closely misses you.
You hit the jelly.
Your hands burn!
The jelly is heavily wounded.
The jelly hits you but does no damage.
Press: ? - help, Shift-Dir - straight line, f/p - jelly
Aim: a jelly (heavily wounded)
The splash of poison hits the jelly.
The jelly is severely wounded.
The jelly hits you but does no damage.
You hit the jelly but do no damage. The acid corrodes you!
Your hands burn!
You headbutt the jelly.
The jelly is severely wounded.
The jelly hits you. The acid corrodes you!
You are splashed with acid!
You hit the jelly but do no damage.
Your hands burn!
The jelly is severely wounded.
You hit the jelly.
Your hands burn!
* * * LOW HITPOINT WARNING * * *
The jelly is almost dead.
Your transformation is almost over.
The jelly hits you.
* * * LOW HITPOINT WARNING * * *
You are splashed with acid!
You die...

### ## ... S.. #.#
.... #####.# .....
###.....####......
.........@JS......
.##.....####......
#.....# .....
#..#.....# ....
#........# ...
#.#.####.# ..
#.#.# #.# . #.#.#
#.# #.#.# #.#


You could see a jelly and a ball python.

Vanquished Creatures
  Natasha (D:3)
  Robin (D:3)
  4 adders (D:2)
  A howler monkey skeleton (D:3)
  A worm (D:2)
  2 dart slugs (D:1)
  An orc (D:3)
  4 ball pythons
  6 bats
  3 endoplasms
  4 giant cockroaches
  15 goblins
  11 hobgoblins
  10 jackals
  5 kobolds
  4 quokkas
  3 frilled lizards
  8 rats
84 creatures vanquished.

Notes
Turn   | Place    | Note
-------+----------+-------------------------------------------
     0 | D:1      | polve the Naga Transmuter began the quest for the Orb.
     0 | D:1      | Reached XP level 1. HP: 18/18 MP: 3/3
   493 | D:1      | Reached XP level 2. HP: 7/25 MP: 3/5
   996 | D:1      | Reached skill level 3 in Transmutations
  1359 | D:1      | Reached XP level 3. HP: 31/31 MP: 6/6
  1362 | D:1      | Learned a level 2 spell: Wereblood
  1366 | D:1      | Learned a level 3 spell: Spider Form
  2194 | D:2      | Reached skill level 4 in Transmutations
  2504 | D:2      | Reached XP level 4. HP: 36/38 MP: 5/7
  4028 | D:3      | Reached skill level 5 in Transmutations
  4029 | D:3      | Reached XP level 5. HP: 34/44 MP: 6/8
  4032 | D:3      | Learned a level 2 spell: Blink
  4256 | D:3      | Found Ahuyhomm's Armour Shop.
  4267 | D:3      | Noticed Robin
  4279 | D:3      | Reached skill level 1 in Poison Magic
  4289 | D:3      | Killed Robin
  4622 | D:3      | Noticed Natasha
  4630 | D:3      | Killed Natasha
  4703 | D:3      | Splashed by a jelly's acid

Illustrated notes

Levels and vault maps discovered:
D:1:      erik_arrival_cave_to_civilisation [erik_arrival_cave_to_temple],
          layout_basic
D:2:      kb_forest_paths, layout_basic, minmay_cupped
D:3:      layout_basic, serial_shops, shop, nicolae_shop_statue_plus,
          uniq_robin, uniq_jessica, uniq_grinder, uniq_natasha

Skill      XL: |  1  2  3  4  5 |
---------------+----------------+-----
Transmutations | 3 4 5 |  5.2
Poison Magic   | 2 |  2.4
Fighting       | |  1.0
Dodging        | |  1.5
Unarmed Combat | |  3.0
Spellcasting   | |  2.0

Action                   |  1- 3 |  4- 6 || total
-------------------------+-------+-------++-------
Melee: Unarmed           |    95 |   130 ||   225
       Headbutt          |     7 |    15 ||    22
 Cast: Beastly Appendage |    17 |    20 ||    37
       Wereblood         |       |     2 ||     2
 Abil: Spit Poison       |    23 |    35 ||    58
  Use: Potion            |       |     5 ||     5
Armor: Robe              |    12 |    29 ||    41
Dodge: Dodged            |    49 |    56 ||   105

Table legend: (Time is in decaauts)
 A = Elapsed time spent in this place.
 B = Non-inter-level travel time spent in this place.
 C = Inter-level travel time spent in this place.
 D = Time resting spent in this place.
 E = Time spent auto-exploring this place.
 F = Levels seen in this place.
 G = Mean time per level.
                   A        B        C        D        E       F      G
               +--------+--------+--------+--------+--------+-----+--------+
         Total |   5398 |   5287 |    111 |      0 |   4654 |   3 | 1799.3 |
       Dungeon |   5398 |   5287 |    111 |      0 |   4654 |   3 | 1799.3 |
               +--------+--------+--------+--------+--------+-----+--------+

Top non-repeatable levels by time:
     D:1: 2355 daAuts
     D:2: 2181 daAuts
     D:3: 860 daAuts
